 Dungeon Crawl Stone Soup version 0.24.0-13-gcf9b319 (webtiles) character file.

Game seed: 556918819955162618, levelgen mode: deterministic

122479 2bobheroes the Nimble (level 16, -8/126 HPs)
             Began as a Gnoll Gladiator on Feb 2, 2020.
             Was a Priest of Lugonu.
             Mangled by Jorgrun
             ... wielding an uncursed staff of earth
              (11 damage)
             ... on level 15 of the Dungeon on Feb 3, 2020.
             The game lasted 03:36:55 (39535 turns).

2bobheroes the Nimble (Gnoll Gladiator)            Turns: 39535, Time: 03:36:55

Health: -8/126     AC: 26    Str: 22    XL:     16   Next: 87%
Magic:  30/30      EV:  8    Int: 12    God:    Lugonu [***...]
Gold:   225        SH:  0    Dex: 20    Spells: 13/36 levels left

rFire    . . .     SeeInvis .   R - +4 scimitar (flame)
rCold    . . .     Gourm    .   S - +0 buckler
rNeg     . . .     Faith    .   E - +1 troll leather armour
rPois    .         Spirit   .   w - +2 hat
rElec    .         Reflect  +   n - +2 cloak
rCorr    .         Harm     .   m - +2 pair of gloves
MR       +....                  D - +2 pair of boots
Stlth    +++++.....             o - +3 amulet of reflection
HPRegen  0.71/turn              T - +5 ring of protection
MPRegen  0.22/turn              F - +3 ring of strength

@: lethally poisoned (-8 -> -9), about to teleport, petrifying (expiring),
grasped by roots, constricted, very slow
A: distributed training, fangs 1, thin metallic scales 1, subdued magic 1,
strong nose
a: Depart the Abyss, Bend Space, Banish, Renounce Religion


You were on level 15 of the Dungeon.
You worshipped Lugonu.
Lugonu was most pleased with you.
You were not hungry.

You visited 4 branches of the dungeon, and saw 24 of its levels.
You visited the Abyss 1 time.
You also visited: Ossuary and Bailey.

You collected 2718 gold pieces.
You spent 2493 gold pieces at shops.

Inventory:

Hand Weapons
 M - a +1 dagger of venom
 R - a +4 scimitar of flaming (weapon)
Missiles
 a - 3 atropa-tipped darts (quivered)
 d - 8 throwing nets
 y - 7 javelins
 z - 71 poisoned darts
 L - 84 boomerangs
 W - 7 curare-tipped darts
Armour
 m - a +2 pair of gloves (worn)
 n - a +2 cloak (worn)
 v - a scarf of resistance
 w - a +2 hat (worn)
 D - a +2 pair of boots (worn)
 E - a +1 troll leather armour (worn)
 S - a +0 buckler (worn)
Magical Staves
 c - an uncursed staff of air
 H - an uncursed staff of fire
Jewellery
 o - a +3 amulet of reflection (around neck)
 p - an uncursed ring of see invisible
 t - an uncursed ring of wizardry
 F - a +3 ring of strength (right hand)
 T - a +5 ring of protection (left hand)
 Z - an uncursed ring of ice
Wands
 j - a wand of polymorph (6)
 u - a wand of disintegration (14)
 C - a wand of iceblast (32)
 K - a wand of clouds (4)
 X - a wand of enslavement (27)
Scrolls
 e - a scroll of summoning
 i - a scroll of fog
 l - 3 scrolls of teleportation
 r - a scroll of immolation
 x - 2 scrolls of holy word
 A - 5 scrolls of blinking
 B - a scroll of brand weapon
 J - 2 scrolls of magic mapping
 O - a scroll of remove curse
Potions
 b - a potion of ambrosia
 g - 2 potions of heal wounds
 h - a potion of cancellation
 k - 9 potions of curing
 s - 2 potions of mutation
 P - a potion of resistance
 U - 4 potions of berserk rage
Miscellaneous
 q - a lightning rod (4/4)
Comestibles
 f - 33 rations
 G - 11 chunks of flesh


   Skills:
 + Level 11.4 Fighting
 + Level 10.5 Short Blades
 + Level 10.5 Long Blades
 + Level 10.5 Axes
 + Level 10.5 Maces & Flails
 + Level 10.5 Polearms
 + Level 12.1 Staves
 + Level 10.5 Slings
 + Level 10.5 Bows
 + Level 10.5 Crossbows
 + Level 11.4 Throwing
 + Level 10.5 Armour
 + Level 12.1 Dodging
 + Level 10.5 Stealth
 + Level 10.5 Shields
 + Level 10.5 Unarmed Combat
 + Level 10.5 Spellcasting
 + Level 8.9 Conjurations
 + Level 8.9 Hexes
 + Level 8.9 Charms
 + Level 8.9 Summonings
 + Level 8.9 Necromancy
 + Level 8.9 Translocations
 + Level 8.9 Transmutations
 + Level 8.9 Fire Magic
 + Level 8.9 Ice Magic
 + Level 8.9 Air Magic
 + Level 8.9 Earth Magic
 + Level 8.9 Poison Magic
 + Level 11.4 Invocations
 + Level 10.5 Evocations


You had 13 spell levels left.
You knew the following spells:

 Your Spells              Type           Power        Failure   Level  Hunger
a - Swiftness             Chrm/Air       ###.....     1%          2    None
b - Blink                 Tloc           N/A          1%          2    None
c - Teleport Other        Tloc           ###.....     1%          3    ##.....
d - Passage of Golubria   Tloc           N/A          2%          4    ####...
e - Borgnjor's Vile Clut  Necr/Erth      ###.......   7%          5    #####..
f - Summon Lightning Spi  Summ/Air       ###.....     2%          4    ####...
g - Lesser Beckoning      Tloc           ###.......   1%          3    ##.....

Your spell library contained the following spells:

 Spells                   Type           Power        Failure   Level  Hunger
 Beastly Appendage        Tmut           ###...       1%          1    None
 Magic Dart               Conj           ###.         1%          1    None
 Pain                     Necr           ###.         1%          1    None
 Shock                    Conj/Air       ###.         1%          1    None
 Summon Small Mammal      Summ           ###.         1%          1    None
 Call Imp                 Summ           ###.....     1%          2    None
 Searing Ray              Conj           ###...       1%          2    None
 Shroud of Golubria       Chrm/Tloc      ###...       1%          2    None
 Sticks to Snakes         Tmut           ###.....     1%          2    None
 Call Canine Familiar     Summ           ###.....     1%          3    ##.....
 Dazzling Spray           Conj/Hex       ###...       1%          3    ##.....
 Gell's Gravitas          Tloc           ###.......   1%          3    ##.....
 Spider Form              Tmut/Pois      ###.......   1%          3    ##.....
 Static Discharge         Conj/Air       ###.....     1%          3    ##.....
 Summon Guardian Golem    Hex/Summ       ###.....     1%          3    ##.....
 Airstrike                Air            ###.......   2%          4    ####...
 Force Lance              Conj/Tloc      ###.....     2%          4    ####...
 Fulminant Prism          Conj/Hex       ###.......   2%          4    ####...
 Ice Form                 Ice/Tmut       ###.....     2%          4    ####...
 Iskenderun's Mystic Bla  Conj           ###.....     2%          4    ####...
 Petrify                  Tmut/Erth      ###.....     2%          4    ####...
 Summon Ice Beast         Ice/Summ       ###.....     2%          4    ####...
 Blade Hands              Tmut           ###.......   7%          5    #####..
 Excruciating Wounds      Chrm/Necr      ###.......   7%          5    #####..
 Irradiate                Conj/Tmut      ###.......   7%          5    #####..
 Lightning Bolt           Conj/Air       ###.......   7%          5    #####..
 Death Channel            Necr           ###.......   38%         6    #######
 Statue Form              Tmut/Erth      ###......    38%         6    #######


Dungeon Overview and Level Annotations

Branches:
Dungeon (15/15)            Temple (1/1) D:5            Lair (6/6) D:8
  Swamp (0/4) Lair:2        Snake (0/4) Lair:2        Slime (0/5) Lair:5
    Orc (2/2) D:10            Elf (0/3) Orc:2        Vaults (0/5) D:13
 Depths (0/5) D:15        Ossuary (visited)          Bailey (visited)

Altars:
Ashenzari
Cheibriados
Dithmenos
Elyvilon
Fedhas
Gozag
Hepliaklqana
Kikubaaqudgha
Makhleb
Nemelex Xobeh
Okawaru
Qazlal
Ru
Sif Muna
Trog
Uskayaw
Vehumet
Wu Jian
Xom
Yredelemnul
Zin
The Shining One
Beogh
Lugonu

Shops:
D:12 =   D:14 %   Orc:2 (}?[

Portals:
Trove: D:10 (give +3 shadow dragon scales)

Annotations:
D:15 Jorgrun


Innate Abilities, Weirdness & Mutations

Your experience applies equally to all skills.
You have very sharp teeth.
Your uncanny sense of smell can sniff out nearby items.
You are partially covered in thin metallic scales. (AC +2)
Your spells are a little easier to cast, but a little less powerful.


Message History

The stone arrow hits you!
* * * LOW HITPOINT WARNING * * *
Your limbs are stiffening.
Unknown command.
As you read the scroll of teleportation, it crumbles to dust.
You feel strangely unstable.
You feel sick.
The spiny frog changes into an eye of draining!
Something hits you but does no damage. x2; The centaur warrior hits you!
* * * LOW HITPOINT WARNING * * *
Jorgrun hits you but does no damage. The grasping roots constrict you.
Something hits you.
* * * LOW HITPOINT WARNING * * *
The gargoyle hurls a stone arrow at you.
The stone arrow hits you!
* * * LOW HITPOINT WARNING * * *
The centaur warrior hits you.
Jorgrun hits you with an uncursed staff of earth!
* * * LOW HITPOINT WARNING * * *
Jorgrun crushes you!
You die...

##.#......###≈≈.......(#
#./.........############
#..#..#.#.##..##
#..#..#........#
#..............#
...........##...#
#.#.g##..........#
.9........#.#.#9#G#.#.#.
###.#.##.§...§(.@§...≈..#
##..###.#.#.#g#c#.#.#.#
..##..§≈§.c≈.c.≈...
##.#§#.#c#z#.#.#
...≈...≈...≈z.
#.#.#.#.#.#.#.#
..§..z§...≈....# #.#
#.#.#.#.#c#. #.≈ .≈...
..≈.


You could see Jorgrun, a centaur warrior, an eye of draining shaped shifter, a
gargoyle, 3 centaurs and 2 wights.

Vanquished Creatures
  Gastronok (Lair:1)
  An orc warlord (Orc:2)
  Josephine (D:10)
  2 yaktaur captains
  10 hydras
  Harold (D:11)
  Erolcha (Orc:2)
  Erica (D:10)
  A death knight (D:13)
  4 centaur warriors
  6 two-headed ogres
  2 tengu warriors (D:13)
  Nergalle (D:9)
  4 skeletal warriors
  2 deep elf knights (D:11)
  A wizard (D:11)
  2 starcursed masses (Abyss:2)
  A necromancer (D:13)
  A lindwurm (Lair:5)
  4 orc knights
  3 deep elf magi
  3 oklob plants
  6 manticores
  6 cyclopes
  3 ugly things
  10 orc sorcerers
  19 spiny frogs
  A spiny frog (shapeshifter) (D:13)
  20 elephants
  A hellion (Abyss:2)
  A gargoyle (D:13)
  2 black mambas (Lair:4)
  2 kobold demonologists (D:15)
  2 freezing wraiths
  2 rime drakes
  7 komodo dragons
  A wandering mushroom (D:13)
  5 trolls
  17 blink frogs
  9 hippogriffs
  3 hornets
  10 slime creatures
  5 tyrant leeches (Lair:6)
  A blink frog (shapeshifter) (D:14)
  A vampire (D:12)
  Eustachio (D:6)
  5 wraiths
  2 wyverns
  29 yaks
  A hog (shapeshifter) (D:14)
  A basilisk (Lair:2)
  A chaos spawn (Abyss:2)
  A hungry ghost (D:13)
  A steam dragon (D:14)
  11 vampire mosquitoes
  A swamp worm (Lair:2)
  A warg (D:10)
  A soldier ant (shapeshifter) (D:13)
  A soldier ant (D:15)
  Menkaure (D:5)
  3 nagas (Lair:2)
  8 water moccasins
  Duvessa (D:5)
  A small abomination (Abyss:2)
  18 orc warriors
  4 porcupines
  3 black bears
  A spiny frog skeleton (Abyss:2)
  4 ice beasts
  6 sky beasts
  13 ogres
  4 phantoms
  2 eyes of draining
  2 necrophages
  15 wolves
  9 centaurs
  13 crocodiles
  Blork the orc (D:6)
  24 bullfrogs
  2 elf zombies (Ossuary)
  A big kobold (D:15)
  5 scorpions
  Dowan (D:5)
  17 killer bees
  9 wights
  6 howler monkeys
  7 crimson imps
  2 human zombies (Ossuary)
  A bullfrog zombie (D:5)
  5 centaur zombies (Ossuary)
  12 hounds
  12 orc priests
  3 bullfrog skeletons
  9 jellies
  3 centaur skeletons
  37 orc wizards
  2 gnoll shamans
  4 iguanas
  7 worker ants
  A big kobold zombie (Ossuary)
  2 hound zombies
  A hound skeleton (D:4)
  2 mummies (Ossuary)
  A howler monkey zombie (D:10)
  3 worker ant zombies
  21 gnolls
  2 howler monkey skeletons
  6 adders
  3 shadow imps
  10 oozes
  4 adder zombies
  2 worms
  A ball lightning (D:13)
  A dart slug (D:3)
  9 leopard geckos
  93 orcs
  2 ball pythons (D:2)
  7 giant cockroaches
  16 hobgoblins
  6 jackals
  22 kobolds
  5 quokkas
  6 bats
  6 frilled lizards
  4 goblins
  A goblin zombie (D:6)
  10 hobgoblin zombies (Ossuary)
  8 kobold zombies (Ossuary)
  A leopard gecko zombie (D:5)
  8 orc zombies (Ossuary)
  A quokka zombie (D:6)
  4 rats
  A ballistomycete spore (D:12)
  A butterfly (Lair:2)
793 creatures vanquished.

Vanquished Creatures (collateral kills)
  A spiny frog (Lair:2)
  A ballistomycete spore (Lair:6)
2 creatures vanquished.

Vanquished Creatures (others)
  Nessos (D:15)
  A glowing orange brain (shapeshifter) (D:14)
  A cyclops (D:14)
  A black mamba (Lair:5)
  A slime creature (D:13)
  A vampire mosquito (Lair:6)
  An orc wizard (D:10)
  A worker ant (D:14)
  A ballistomycete spore (D:12)
  A bush (Lair:6)
  52 fungi
  75 plants
  2 starspawn tentacles (Abyss:2)
139 creatures vanquished.

Grand Total: 934 creatures vanquished

Notes
Turn   | Place    | Note
-------+----------+-------------------------------------------
     0 | D:1      | 2bobheroes the Gnoll Gladiator began the quest for the Orb.
     0 | D:1      | Reached XP level 1. HP: 20/20 MP: 1/1
   127 | D:1      | Reached XP level 2. HP: 26/26 MP: 2/2
   604 | D:2      | Reached XP level 3. HP: 31/31 MP: 3/3
  1026 | D:2      | Reached skill level 1 in Invocations
  1256 | D:3      | Noticed a sky beast
  1293 | D:3      | Killed a sky beast
  1293 | D:3      | Reached skill level 1 in Short Blades
  1293 | D:3      | Reached skill level 1 in Long Blades
  1293 | D:3      | Reached skill level 1 in Axes
  1293 | D:3      | Reached skill level 1 in Maces & Flails
  1293 | D:3      | Reached skill level 1 in Polearms
  1293 | D:3      | Reached skill level 1 in Slings
  1293 | D:3      | Reached skill level 1 in Bows
  1293 | D:3      | Reached skill level 1 in Crossbows
  1293 | D:3      | Reached skill level 1 in Armour
  1293 | D:3      | Reached skill level 1 in Stealth
  1293 | D:3      | Reached skill level 1 in Shields
  1293 | D:3      | Reached skill level 1 in Unarmed Combat
  1293 | D:3      | Reached skill level 1 in Spellcasting
  1293 | D:3      | Reached skill level 1 in Conjurations
  1293 | D:3      | Reached skill level 1 in Hexes
  1293 | D:3      | Reached skill level 1 in Charms
  1293 | D:3      | Reached skill level 1 in Summonings
  1293 | D:3      | Reached skill level 1 in Necromancy
  1293 | D:3      | Reached skill level 1 in Translocations
  1293 | D:3      | Reached skill level 1 in Transmutations
  1293 | D:3      | Reached skill level 1 in Fire Magic
  1293 | D:3      | Reached skill level 1 in Ice Magic
  1293 | D:3      | Reached skill level 1 in Air Magic
  1293 | D:3      | Reached skill level 1 in Earth Magic
  1293 | D:3      | Reached skill level 1 in Poison Magic
  1293 | D:3      | Reached skill level 1 in Evocations
  1293 | D:3      | Reached XP level 4. HP: 38/38 MP: 4/6
  1293 | D:3      | Reached XP level 5. HP: 43/43 MP: 4/7
  1912 | D:3      | Found a stormy altar of Qazlal.
  2507 | D:4      | Reached XP level 6. HP: 38/50 MP: 8/8
  2877 | D:4      | Reached skill level 5 in Fighting
  2877 | D:4      | Reached skill level 5 in Throwing
  3192 | D:4      | Reached XP level 7. HP: 56/56 MP: 10/10
  3227 | D:4      | Found a shimmering blue altar of Sif Muna.
  3477 | D:5      | Entered Level 5 of the Dungeon
  3490 | D:5      | Found a staircase to the Ecumenical Temple.
  3530 | Temple   | Entered the Ecumenical Temple
  3738 | Temple   | Became a worshipper of Fedhas Madash
  3779 | D:5      | Noticed Duvessa
  4099 | D:5      | Noticed Dowan
  4104 | D:5      | Noticed Menkaure
  4176 | D:5      | Killed Dowan
  4262 | D:5      | Killed Menkaure
  4262 | D:5      | Reached XP level 8. HP: 48/62 MP: 12/12
  4596 | D:5      | Killed Duvessa
  4900 | D:5      | Reached * piety under Fedhas
  4921 | D:5      | Found a shattered altar of Ashenzari.
  4922 | D:5      | Found a shimmering altar of Xom.
  4923 | D:5      | Found a sacrificial altar of Ru.
  5199 | D:6      | Noticed Blork the orc
  5209 | D:6      | Killed Blork the orc
  5291 | D:6      | Found a sand-covered staircase.
  5298 | Ossuary  | Entered an ossuary
  5618 | Ossuary  | Reached ** piety under Fedhas
  5619 | Ossuary  | Paralysed by fainting for 6 turns
  5898 | D:6      | Reached XP level 9. HP: 66/68 MP: 14/14
  6219 | D:6      | Noticed Eustachio
  6265 | D:6      | Killed Eustachio
  7173 | D:7      | Found an iron altar of Okawaru.
  7248 | D:7      | Reached *** piety under Fedhas
  7564 | D:7      | Reached skill level 5 in Invocations
  7748 | D:8      | Found an opulent altar of Gozag.
  7958 | D:8      | Reached XP level 10. HP: 16/77 MP: 17/17
  8546 | D:8      | Found a snail-covered altar of Cheibriados.
  8886 | D:8      | Reached skill level 5 in Short Blades
  8886 | D:8      | Reached skill level 5 in Long Blades
  8886 | D:8      | Reached skill level 5 in Axes
  8886 | D:8      | Reached skill level 5 in Maces & Flails
  8886 | D:8      | Reached skill level 5 in Polearms
  8886 | D:8      | Reached skill level 5 in Slings
  8886 | D:8      | Reached skill level 5 in Bows
  8886 | D:8      | Reached skill level 5 in Crossbows
  8886 | D:8      | Reached skill level 5 in Armour
  8886 | D:8      | Reached skill level 5 in Stealth
  8886 | D:8      | Reached skill level 5 in Shields
  8886 | D:8      | Reached skill level 5 in Unarmed Combat
  8886 | D:8      | Reached skill level 5 in Spellcasting
  8886 | D:8      | Reached skill level 5 in Evocations
  9122 | D:8      | Found a staircase to the Lair.
  9189 | D:8      | Paralysed by a hornet for 1 turns
  9194 | D:8      | Paralysed by a hornet for 2 turns
  9651 | D:9      | Reached **** piety under Fedhas
 10137 | D:9      | Noticed a cyclops
 10453 | D:9      | You fall into a shaft and drop 1 floor!
 10453 | D:10     | Entered Level 10 of the Dungeon
 10457 | D:10     | Noticed Harold
 11168 | D:9      | Killed a cyclops
 11588 | Lair:1   | Entered Level 1 of the Lair of Beasts
 11588 | Lair:1   | Noticed an eight-headed hydra
 11932 | D:9      | Reached XP level 11. HP: 77/84 MP: 19/19
 12323 | D:11     | Killed Harold
 12332 | D:10     | Noticed Erica
 12793 | D:9      | Reached ***** piety under Fedhas
 12944 | D:9      | Reached skill level 5 in Conjurations
 12944 | D:9      | Reached skill level 5 in Hexes
 12944 | D:9      | Reached skill level 5 in Charms
 12944 | D:9      | Reached skill level 5 in Summonings
 12944 | D:9      | Reached skill level 5 in Necromancy
 12944 | D:9      | Reached skill level 5 in Translocations
 12944 | D:9      | Reached skill level 5 in Transmutations
 12944 | D:9      | Reached skill level 5 in Fire Magic
 12944 | D:9      | Reached skill level 5 in Ice Magic
 12944 | D:9      | Reached skill level 5 in Air Magic
 12944 | D:9      | Reached skill level 5 in Earth Magic
 12944 | D:9      | Reached skill level 5 in Poison Magic
 13169 | D:10     | Noticed Nergalle
 13201 | D:10     | Found a portal to a secret trove of treasure.
 13277 | D:10     | Got a jewelled war axe
 13278 | D:10     | Identified the cursed +1 war axe of an ice cave {freeze,
                  | Int+2} (You found it on level 10 of the Dungeon)
 13394 | D:10     | Noticed a two-headed ogre
 13411 | D:10     | Killed Erica
 13420 | D:10     | Killed a two-headed ogre
 13681 | D:10     | Found a staircase to the Orcish Mines.
 13751 | D:10     | Noticed a spectral orc warlord
 14420 | D:10     | Learned a level 2 spell: Swiftness
 14599 | D:11     | Noticed an orc knight
 14725 | D:11     | Noticed a two-headed ogre
 14743 | D:11     | Killed a two-headed ogre
 15314 | Lair:1   | Killed a five-headed hydra
 15576 | Lair:1   | Got a transparent falchion
 15579 | Lair:1   | Identified the +2 falchion "Vesmysh" {chaos, rElec Str+6}
                  | (You found it on level 1 of the Lair of Beasts)
 15748 | Lair:1   | Reached XP level 12. HP: 65/93 MP: 22/22
 16137 | Lair:1   | Noticed Gastronok
 16340 | Lair:1   | Killed Gastronok
 17130 | Lair:2   | Found a staircase to the Snake Pit.
 17803 | Lair:2   | Noticed a five-headed hydra
 17823 | Lair:2   | Killed a one-headed hydra
 18444 | Lair:2   | HP: 4/94 [poisoned by a spiny frog]
 18449 | Lair:2   | HP: 3/94 [poisoned by a spiny frog]
 18456 | Lair:2   | HP: 3/94 [poisoned by a spiny frog]
 18464 | Lair:2   | HP: 3/94 [poisoned by a spiny frog]
 18990 | Lair:2   | Noticed a four-headed hydra
 19000 | Lair:2   | Killed a one-headed hydra
 19093 | Lair:2   | Found a staircase to the Swamp.
 19320 | Lair:3   | Reached skill level 10 in Staves
 19320 | Lair:3   | Reached skill level 10 in Dodging
 19457 | Lair:3   | Noticed a seven-headed hydra
 19480 | Lair:3   | Killed a two-headed hydra
 20557 | Lair:3   | Reached XP level 13. HP: 101/101 MP: 24/24
 22978 | Lair:5   | Found a staircase to the Slime Pits.
 23330 | Lair:6   | Entered Level 6 of the Lair of Beasts
 23553 | Lair:6   | Got a warped morningstar
 23554 | Lair:6   | Identified the cursed +1 morningstar of Okawaru's Favour
                  | {crush, Int+7 Dex+3} (You found it on level 6 of the Lair
                  | of Beasts)
 23571 | Lair:6   | Learned a level 2 spell: Blink
 23575 | Lair:6   | Learned a level 3 spell: Teleport Other
 23580 | Lair:6   | Learned a level 4 spell: Passage of Golubria
 23944 | Lair:6   | Reached ****** piety under Fedhas
 24434 | Lair:5   | Reached XP level 14. HP: 87/109 MP: 26/26
 25306 | Lair:6   | Reached skill level 10 in Fighting
 25306 | Lair:6   | Reached skill level 10 in Throwing
 26927 | Lair:6   | Identified the Papyrus of the Sinister Birds
 26957 | Lair:6   | Learned a level 5 spell: Borgnjor's Vile Clutch
 26962 | Lair:6   | Learned a level 4 spell: Summon Lightning Spire
 26966 | Lair:6   | Learned a level 3 spell: Lesser Beckoning
 27324 | D:9      | Killed Nergalle
 27421 | Orc:1    | Entered Level 1 of the Orcish Mines
 27421 | Orc:1    | Noticed Josephine
 27615 | D:10     | Killed Josephine
 27894 | Orc:1    | Found a flagged portal.
 27960 | Bailey   | Entered a bailey
 29405 | Orc:2    | Entered Level 2 of the Orcish Mines
 29874 | Orc:2    | Reached skill level 10 in Invocations
 29985 | Orc:2    | Found a staircase to the Elven Halls.
 30107 | Orc:2    | Noticed an orc warlord
 30171 | Orc:2    | Killed an orc warlord
 30910 | Orc:2    | Paralysed by an orc sorcerer for 3 turns
 31096 | Orc:2    | Paralysed by an orc sorcerer for 2 turns
 31188 | Orc:2    | Paralysed by an orc sorcerer for 2 turns
 31371 | Orc:2    | Paralysed by an orc sorcerer for 3 turns
 31415 | Orc:2    | Found Farchabb's Antique Weapon Shop.
 31489 | Orc:2    | Paralysed by an orc sorcerer for 3 turns
 31575 | Orc:2    | Found a radiant altar of Vehumet.
 31602 | Orc:2    | Noticed Erolcha
 31609 | Orc:2    | Killed Erolcha
 31682 | Orc:2    | Paralysed by an orc sorcerer for 3 turns
 31723 | Orc:2    | Paralysed by an orc sorcerer for 5 turns
 31970 | Orc:2    | Found Ziniz's Gadget Boutique.
 32404 | Orc:2    | Found an ancient bone altar of Kikubaaqudgha.
 32530 | Orc:2    | Found a roughly hewn altar of Beogh.
 32531 | Orc:2    | Found Qagrytti's Magic Scroll Shop.
 32587 | Orc:2    | Found Keliyt's Antique Armour Shop.
 32598 | Orc:2    | Bought an agate-encrusted plate armour for 840 gold pieces
 32598 | Orc:2    | Bought a crude plate armour for 840 gold pieces
 32598 | Orc:2    | Bought a smoking ring mail for 270 gold pieces
 32598 | Orc:2    | Bought a turquoise-encrusted ring mail for 270 gold pieces
 32611 | Orc:2    | Identified the +4 plate armour of Fuimaz {rPois} (You
                  | bought it in a shop on level 2 of the Orcish Mines)
 32621 | Orc:2    | Identified the cursed +1 plate armour "Omed" {SInv} (You
                  | bought it in a shop on level 2 of the Orcish Mines)
 32637 | Orc:2    | Identified the +1 ring mail "Hero's Friend" {-Tele Str+9}
                  | (You bought it in a shop on level 2 of the Orcish Mines)
 32647 | Orc:2    | Identified the +1 ring mail of Nosam {rElec rF+ rC+ Int-4}
                  | (You bought it in a shop on level 2 of the Orcish Mines)
 32688 | Orc:2    | Bought a scroll of noise for 14 gold pieces
 32691 | Orc:2    | Bought a scroll of fear for 49 gold pieces
 32871 | D:11     | Reached XP level 15. HP: 117/117 MP: 28/28
 33309 | D:11     | Cast into level 2 of the Abyss (a wizard)
 33604 | Abyss:2  | Noticed a tentacled starspawn
 33670 | Abyss:2  | Noticed a tentacled starspawn
 33696 | Abyss:3  | Found a corrupted altar of Lugonu.
 33706 | Abyss:3  | Got a shimmering quarterstaff
 33711 | Abyss:3  | Gained mutation: You are weak. (Str -2) [a neqoxec]
 33712 | Abyss:3  | Fell from the grace of Fedhas
 33712 | Abyss:3  | Became a worshipper of Lugonu the Unformed
 33712 | Abyss:3  | Reached * piety under Lugonu
 33713 | D:11     | Escaped the Abyss
 33728 | D:11     | Reached XP level 16. HP: 124/124 MP: 29/29
 33730 | D:11     | Lost mutation: You are weak. (Str -2) [potion of mutation]
 33730 | D:11     | Gained mutation: Your spells are a little easier to cast,
                  | but a little less powerful. [potion of mutation]
 33730 | D:11     | Gained mutation: You are partially covered in thin metallic
                  | scales. (AC +2) [potion of mutation]
 34394 | D:12     | Reached ** piety under Lugonu
 34486 | D:12     | Found Guon's Jewellery Boutique.
 34788 | D:12     | Reached skill level 10 in Short Blades
 34788 | D:12     | Reached skill level 10 in Long Blades
 34788 | D:12     | Reached skill level 10 in Axes
 34788 | D:12     | Reached skill level 10 in Maces & Flails
 34788 | D:12     | Reached skill level 10 in Polearms
 34788 | D:12     | Reached skill level 10 in Slings
 34788 | D:12     | Reached skill level 10 in Bows
 34788 | D:12     | Reached skill level 10 in Crossbows
 34788 | D:12     | Reached skill level 10 in Armour
 34788 | D:12     | Reached skill level 10 in Stealth
 34788 | D:12     | Reached skill level 10 in Shields
 34788 | D:12     | Reached skill level 10 in Unarmed Combat
 34788 | D:12     | Reached skill level 10 in Spellcasting
 34788 | D:12     | Reached skill level 10 in Evocations
 35101 | D:12     | Bought an uncursed ring of see invisible for 210 gold
                  | pieces
 37305 | D:13     | Found a gate to the Vaults.
 37505 | D:14     | Found a runed translucent door.
 37653 | D:14     | Found a glowing golden altar of the Shining One.
 37697 | D:14     | Reached *** piety under Lugonu
 37725 | D:14     | Found Doukhiasch's Food Shoppe.
 38648 | D:14     | Identified a scroll of acquirement
 38652 | D:14     | Got a pair of encrusted gloves
 38663 | D:14     | Identified the -5 pair of gloves of Bolez {rN+ MR+} (You
                  | acquired it on level 14 of the Dungeon)
 39047 | D:14     | Identified Fitaenaj's Reference Book on Transmigration
 39115 | D:15     | Entered Level 15 of the Dungeon
 39208 | D:15     | Found an ancient bone altar of Kikubaaqudgha.
 39208 | D:15     | Noticed Nessos
 39245 | D:15     | Killed Nessos
 39415 | D:15     | Found a staircase to the Depths.
 39498 | D:15     | Noticed Jorgrun
 39535 | D:15     | HP: 3/126 [Jorgrun/uncursed staff of earth (8)]
 39535 | D:15     | Mangled by Jorgrun

Levels and vault maps discovered:
D:1:      dpeg_arrival_pits, layout_rooms
D:2:      layout_basic, first_ration
D:3:      layout_basic, chequers_decorated_corner, grunt_qazlal_sundering
D:4:      layout_basic, led_sif_pool
D:5:      layout_basic, chequers_temple_overflow_statue_of_worship,
          minmay_temple_entry_trees, item_on_display_a, uniq_duvessa,
          uniq_menkaure
D:6:      layout_basic, enter_ossuary_4, uniq_blork_the_orc, uniq_eustachio
D:7:      black_bear_nest_2, layout_rooms, okawaru_trees_1,
          hangedman_decor_growths, hangedman_decor_riveting, serial_park_tiny_2
D:8:      minmay_chambers_of_fours, layout_gridville, cheibriados_altar_1,
          kennysheep_mini_moat, lair_entry_dummy
D:9:      layout_roguey, hangedman_little_slice_of_home
D:10:     layout_cross, orc_0_dummy, nicolae_trove_entry_free_sample,
          uniq_nergalle, uniq_harold, uniq_erica
D:11:     layout_basic, sword_in_stone
D:12:     layout_basic, serial_shops, shop, gauntlet_entry_generic
D:13:     layout_loops_ring, david_vaults_1, serial_rivers,
          chequers_serial_rivers_large_b, chequers_serial_rivers_small_b,
          chequers_serial_rivers_micro_a, chequers_serial_rivers_small_b,
          chequers_serial_rivers_micro_e, chequers_serial_rivers_small_b
D:14:     layout_cave_pools, serial_shops, shop, tso_metal_star, lightli_airlock
D:15:     grunt_enter_depths_snipers, layout_loops_cross, basic_altar,
          kennysheep_crisscross, uniq_nessos, uniq_jorgrun
Temple:   eino_temple_scatter_basement
Lair:1:   layout_cave_pods, uniq_gastronok
Lair:2:   layout_hall_layers, palyth_hydra_swamp_entry,
          minmay_snake_entry_guardpost_small, serial_bayou_shore_b,
          lemuel_fruit_fields, infiniplex_staircase_pool, serial_bayou_shore_a
Lair:3:   layout_regular_city, st_stairs_11
Lair:4:   layout_regular_city, lemuel_fruit_tree
Lair:5:   layout_long_grid, nicolae_slime_entry_slimehenge,
          chequers_serial_rivers_micro_a, grunt_megastairs_3
Lair:6:   minmay_lair_end_frog_pond, layout_long_grid
Orc:1:    layout_caves, enter_bailey_2, mines3_lemuel, uniq_josephine
Orc:2:    kennysheep_orc_mage_school, layout_caves

Skill      XL: |  1  2  3  4  5  6  7  8  9 10 11 12 13 14 15 16 |
---------------+-------------------------------------------------+-----
Invocations    | 1 2 3 4 5 6 7 8 9 10 11 | 11.4
Short Blades   | 1 2 3 4 5 6 7 8 9 10 | 10.5
Long Blades    | 1 2 3 4 5 6 7 8 9 10 | 10.5
Axes           | 1 2 3 4 5 6 7 8 9 10 | 10.5
Maces & Flails | 1 2 3 4 5 6 7 8 9 10 | 10.5
Polearms       | 1 2 3 4 5 6 7 8 9 10 | 10.5
Slings         | 1 2 3 4 5 6 7 8 9 10 | 10.5
Bows           | 1 2 3 4 5 6 7 8 9 10 | 10.5
Crossbows      | 1 2 3 4 5 6 7 8 9 10 | 10.5
Armour         | 1 2 3 4 5 6 7 8 9 10 | 10.5
Stealth        | 1 2 3 4 5 6 7 8 9 10 | 10.5
Shields        | 1 2 3 4 5 6 7 8 9 10 | 10.5
Unarmed Combat | 1 2 3 4 5 6 7 8 9 10 | 10.5
Spellcasting   | 1 2 3 4 5 6 7 8 9 10 | 10.5
Conjurations   | 1 2 3 4 5 6 7 8 |  8.9
Hexes          | 1 2 3 4 5 6 7 8 |  8.9
Charms         | 1 2 3 4 5 6 7 8 |  8.9
Summonings     | 1 2 3 4 5 6 7 8 |  8.9
Necromancy     | 1 2 3 4 5 6 7 8 |  8.9
Translocations | 1 2 3 4 5 6 7 8 |  8.9
Transmutations | 1 2 3 4 5 6 7 8 |  8.9
Fire Magic     | 1 2 3 4 5 6 7 8 |  8.9
Ice Magic      | 1 2 3 4 5 6 7 8 |  8.9
Air Magic      | 1 2 3 4 5 6 7 8 |  8.9
Earth Magic    | 1 2 3 4 5 6 7 8 |  8.9
Poison Magic   | 1 2 3 4 5 6 7 8 |  8.9
Evocations     | 1 2 3 4 5 6 7 8 9 10 | 10.5
Fighting       | 5 6 7 8 9 10 11 | 11.4
Throwing       | 5 6 7 8 9 10 11 | 11.4
Staves         | 7 8 9 10 11 12 | 12.1
Dodging        | 7 8 9 10 11 12 | 12.1

Action                   |  1- 3 |  4- 6 |  7- 9 | 10-12 | 13-15 | 16-18 || total
-------------------------+-------+-------+-------+-------+-------+-------++-------
Melee: Quarterstaff      |   127 |    62 |       |       |       |       ||   189
       Bite              |    12 |    17 |    79 |   195 |   258 |   131 ||   692
       Flail             |       |    46 |   465 |    54 |       |       ||   565
       Punch             |       |     1 |     5 |    12 |       |       ||    18
       Dire flail        |       |       |    70 |    54 |       |       ||   124
       Dagger            |       |       |     5 |   760 |     6 |       ||   771
       Halberd           |       |       |       |    19 |       |       ||    19
       Scimitar          |       |       |       |   204 |  1083 |   557 ||  1844
       War axe           |       |       |       |    72 |       |       ||    72
Throw: Dart              |       |     4 |       |    22 |    31 |     3 ||    60
       Stone             |       |       |     1 |    44 |   150 |       ||   195
       Boomerang         |       |       |       |    13 |   159 |   198 ||   370
       Throwing net      |       |       |       |     1 |       |       ||     1
       Javelin           |       |       |       |       |    15 |       ||    15
 Cast: Passage of Golubr |       |       |       |       |     1 |       ||     1
       Teleport Other    |       |       |       |       |       |    12 ||    12
       Blink             |       |       |       |       |       |     1 ||     1
Invok: Grow Oklob        |       |       |       |     2 |       |       ||     2
       Grow Ballistomyce |       |       |       |       |     1 |       ||     1
       Depart the Abyss  |       |       |       |       |     1 |       ||     1
Evoke: Wand              |       |       |       |       |     9 |     1 ||    10
  Use: Scroll            |       |       |     4 |    14 |    16 |    15 ||    49
       Potion            |       |       |     4 |     9 |     9 |     3 ||    25
 Stab: Sleeping          |       |       |     4 |     8 |     4 |    11 ||    27
       Distracted        |       |       |     3 |     2 |     2 |     1 ||     8
       Held in net/web   |       |       |       |     1 |       |       ||     1
  Eat: Chunk             |     1 |     6 |    12 |    12 |    36 |     4 ||    71
       Ration            |       |       |     1 |     9 |     4 |     3 ||    17
Armor: Leather armour    |    10 |       |       |       |       |       ||    10
       Ring mail         |    29 |    32 |   138 |   160 |       |       ||   359
       Plate armour      |       |       |       |    74 |       |       ||    74
       Scale mail        |       |       |       |   121 |   297 |       ||   418
       Troll leather arm |       |       |       |       |    56 |   206 ||   262
Dodge: Dodged            |   107 |    99 |   450 |   706 |   751 |   367 ||  2480
Block: Buckler           |       |       |    26 |   260 |   382 |   234 ||   902
       Reflection        |       |       |       |       |       |    13 ||    13
       Rpst.: Scimitar   |       |       |       |    30 |   189 |    88 ||   307
